[Event "30th Tamil Nadu IM Norm 2024"]
[Site "Coimbatore"]
[Date "2024.10.01"]
[Round "3.1"]
[White "Tologon tegin, Semetei"]
[Black "Bharadia Yash"]
[Result "1-0"]
[ECO "A48"]
[WhiteElo "2337"]
[BlackElo "2415"]
[Annotator "TA"]
[PlyCount "147"]
[EventDate "2024.09.15"]
[EventCountry "IND"]
[SourceTitle "playchess.com"]
[Source "ChessBase"]
[SourceQuality "1"]
[TimeControl "5400+30"]

1. d4 Nf6 2. c3 g6 3. Bg5 Bg7 4. Nd2 d6 5. e3 O-O 6. Ngf3 Nbd7 7. Bd3 e5 8. O-O Qe8 9. e4 {[%emt 0:00:28] heeft verloren aan populariteit (9.Qc2). A48: 1 d4 Pf6 2 Pf3 g6: Torre, London en Colle Systemen.} h6 {[%emt 0:03:19] OK} 10. Bh4 {[%emt 0:02:20] OK} Nh5 {[%emt 0:00:36] OK} 11. dxe5 {[%emt 0:00:27] Fout (1.0)} (11. Re1 $14) 11... dxe5 {[%emt 0:01:27] Onnauwkeurig} 12. Re1 $1 {[%emt 0:00:36] Sterk} Nc5 {[%emt 0:01:14] OK} 13. Bf1 {[%emt 0:00:36] OK} Bg4 {[%emt 0:01:26] Onnauwkeurig} 14. Qc2 {[%emt 0:01:23] Fout (0.6)} (14. b4 $11 Ne6 15. h3 Bxf3 16. Qxf3) 14... a5 {[%emt 0:01:44] Onnauwkeurig} 15. a4 $146 {[%emt 0:00:10] Fout (0.7)} (15. b4 $1 $11 Qa4 16. Qb2) ({Predecessor:} 15. b4 Ne6 16. a4 axb4 17. cxb4 f5 18. exf5 Bxf5 19. Ne4 Kh8 20. a5 g5 21. Bg3 {1-0 Deviatkin,A (2569)-Shashikant,K (2261) Chennai op 5th 2013 (3)}) 15... Nf4 {[%emt 0:01:10] Fout (0.7)} (15... Bd7 $17 16. b3 b6) 16. b4 $11 {[%emt 0:06:22] OK} Na6 {[%emt 0:17:18][%cal Ra5b4,Bc5a6,Ba6b8,Bb8d7][%mdl 32] EV=14.45} 17. Reb1 {[%emt 0:03:10] Onnauwkeurig} Qc8 {[%emt 0:09:28] Houdt de partij in balans. Fout (1.3)} (17... g5 $11 18. Bg3 Qe7) 18. h3 ({Verwerp} 18. bxa5 $6 Bh5 $14) 18... Be6 {[%emt 0:15:23] Onnauwkeurig} 19. Nc4 {[%emt 0:19:26] OK} ({Doe niet} 19. bxa5 Re8 $14) 19... axb4 20. cxb4 {[%emt 0:00:07][%cal Bc3b4,Bb4b5][%mdl 32] EV=18.36. Goes to b5 (dbg))} f6 {[%emt 0:04:30][%cal Bf7f6,Bf6f5][%mdl 32] EV=19.08} 21. a5 {[%emt 0:04:42] OK} Nb8 22. b5 {[%emt 0:00:41] OK} Nd7 23. Rc1 b6 {[%emt 0:07:02] Onnauwkeurig} 24. Nfd2 f5 25. f3 Kh8 26. Bf2 {[%emt 0:00:58] Fout (0.5)} (26. a6 $18) 26... Bg8 {[%emt 0:01:03] was hoogst noodzakelijk. Fout (0.5)} (26... Qd8 $16 27. a6 Nc5) 27. Nb3 {[%emt 0:17:48] biedt betere winstkansen. Fout (1.0)} ({Weersta} 27. axb6 $6 Rxa1 28. Rxa1 Nxb6 $16) (27. a6 $18) 27... fxe4 $16 {[%emt 0:02:46] OK} 28. fxe4 {[%emt 0:00:04][%cal Ra5b6] Onnauwkeurig} Qd8 {[%emt 0:02:28] OK} 29. g3 {[%emt 0:03:39] Fout (1.2)} (29. Qc3 $16) 29... Qg5 $2 {[%emt 0:00:27] [#] Fout (1.8)} (29... Ne6 $15) {Wit moet spelen} 30. Kh2 {[%emt 0:00:07] Fout (1.4)} ({En niet} 30. axb6 Rxa1 31. Rxa1 cxb6 $11) (30. Qd1 $1 $16) 30... Nh5 31. Qe2 $36 {[%emt 0:01:42][%mdl 2048] Voorkomt Rf3. Zwart moet nu a6 voorkomen. Wit heeft goed spel. OK} Be6 {[%emt 0:01:44] Fout (1.4)} (31... bxa5 $1 $11 32. Nbxa5 (32. Ncxa5 Ndf6 $18) 32... Rab8) 32. Bg2 (32. axb6 $2 {te hebberig.} Rxa1 33. Rxa1 Bxc4 $19) 32... Qe7 {[%emt 0:01:36] Fout (0.7)} (32... bxa5 $16 33. Ncxa5 Nhf6) 33. Be1 {[%emt 0:02:27] Fout (0.8)} (33. axb6 Rxa1 34. Nxa1 (34. Rxa1 Qf7 $18) 34... cxb6 $16) (33. a6 $18) 33... Nhf6 {[%emt 0:00:45] was nodig. Fout (0.7)} (33... bxa5 $16 34. Nbxa5 (34. Ncxa5 Nb6 $18) 34... Nb8) 34. Bd2 {[%emt 0:02:38] Fout (1.1)} (34. a6 $18) {Zwart zou moeten proberen} 34... Nh5 {[%emt 0:00:28] Fout (1.0)} (34... g5 $14) {Wit zou moeten spelen} 35. Be1 {[%emt 0:01:41] Fout (0.5)} (35. a6 $18) 35... Kh7 {[%emt 0:00:25] Onnauwkeurig} 36. a6 {[%emt 0:01:21] OK} Qf7 {[%emt 0:00:40] gaat door met vechten. Fout (1.3)} (36... Rfc8 $16 37. Qd2 Qf7) 37. Rab1 Ra7 38. Qd3 {[%emt 0:01:14] Fout (1.2)} (38. Nbd2 $18) 38... Rd8 39. Ne3 {[%emt 0:00:32] OK} Nhf6 {[%emt 0:00:16] OK} 40. Qc2 Bf8 41. Nc4 {[%emt 0:00:04] Fout (0.9)} (41. Bc3 $18) 41... Nh5 {[%emt 0:00:30] Fout (0.8)} (41... Rc8 $16) 42. Qe2 Re8 43. Bf2 {[%emt 0:00:17] OK} Rea8 44. Be3 Kg8 45. Ncd2 Qe7 46. Bf1 Nhf6 47. Qe1 Kh7 48. Qe2 Ne8 49. Qd3 Nd6 {[%emt 0:00:18] OK} 50. Rc2 Qf7 {[%emt 0:00:56] was een poging waard. Fout (0.7)} (50... Bg7 $16 51. Rc6 Bg8) 51. Rbc1 $18 {[%emt 0:01:01][%cal Rc2c7] OK} Nf6 52. Rc3 {[%emt 0:00:29] Fout (1.3)} (52. Na5 $18) 52... Nfe8 {[%emt 0:00:32] Onnauwkeurig} {Wit zou moeten proberen} 53. Nc5 {[%emt 0:00:35] Fout (0.5)} (53. Qb1 $16) 53... bxc5 $14 {[%emt 0:00:13] Beste (Gemakkelijk)} 54. Bxc5 {[%emt 0:00:02] Onnauwkeurig} Nc8 {[%emt 0:00:30] OK} 55. Bxa7 {[%emt 0:00:05] OK} Rxa7 {[%emt 0:00:04] blijft gelijk. Fout (1.0)} (55... Nxa7 $11 56. Qe3 Bd6) 56. Qe3 {[%emt 0:00:22] Fout (0.6)} (56. Qf3 $16) 56... Bb4 {[%emt 0:00:28] OK} 57. R3c2 {[%emt 0:00:34] Fout (0.8)} (57. Rc6 $16) 57... Ba5 $2 {[%emt 0:01:30] en Zwart blijft veilig. Verliest partij (1.8)} (57... Qe7 $11) 58. Nc4 $18 {[%emt 0:00:15] OK} Bxc4 {[%emt 0:00:25] OK} 59. Bxc4 Qe7 {[%emt 0:00:07] Zwart is zwak op de lichte velden} 60. Bd5 {[%emt 0:00:56] Fout (0.8)} (60. Ba2 $18) {Zwart zou moeten spelen} 60... Bb6 {[%emt 0:00:06] Fout (0.5)} (60... Nf6) 61. Qf3 {[%emt 0:00:46] Wit is veel actiever. Fout (1.1)} (61. Qb3 $16) 61... Ncd6 $11 {[%emt 0:00:17] OK} 62. Bc6 Ng7 {[%emt 0:00:04] Beste} {Beter is} 63. Rd1 {[%emt 0:01:54] Fout (1.1)} (63. Qc3 $14) 63... Ne6 $15 {[%emt 0:00:07] Beste (Gemakkelijk)} 64. Rcd2 {[%emt 0:00:31] Onnauwkeurig} Nd4 {[%emt 0:00:14] OK} 65. Rxd4 {[%emt 0:00:17] Fout (0.8)} exd4 $19 {[%emt 0:02:35] Onnauwkeurig} 66. Rf1 {[%emt 0:00:07][%cal Bd1f1,Bf1f6,Bf6g6][%mdl 32] EV=24.24. Goes to g6 (dbg)). OK} h5 {[%emt 0:00:23] Dreigt te winnen met ...Nc4.} 67. Qf4 {[%emt 0:00:15] Onnauwkeurig} Nc4 {[%emt 0:00:26] ...Kg7 zou dodelijk zijn.} 68. e5 {[%emt 0:00:40][%cal Be4e5,Be5e6][%mdl 32] [#] EV=30.03. Goes to e6 (dbg)). Beste} Kg7 $2 {[%emt 0:00:48][%mdl 8192] houdt druk op de ketel. Verliest partij (5.5)} (68... Qxe5 $2 {vergaat.} 69. Qf7+ Kh6 70. Be4 $18 (70. Qxc4 h4 $18)) ({Speel niet} 68... Nxe5 $6 69. Re1 $11) (68... Bc5 $1 $17 69. Qf7+ Qxf7 70. Rxf7+ Kh6) 69. e6 $1 $18 {[%emt 0:00:44] Sterk} Nd6 {[%emt 0:00:08] Voorkomt Qf7+. Fout (2.6)} (69... h4 $142 70. Qf7+ Qxf7 71. Rxf7+ Kh8) 70. Qe5+ {[%emt 0:00:09] Beste (Gemakkelijk)} Kg8 {[%emt 0:00:39] Onnauwkeurig} 71. Rf6 Nf5 72. Rxg6+ Ng7 {[%emt 0:00:03] [#]} 73. Be8 $1 {[%emt 0:00:48][%mdl 512] Wit dreigt Bf7+ en mat.} Kf8 (73... c6 74. Bf7+) 74. Bf7 {[%emt 0:00:06] Blunder waarde: Wit=0.44/Zwart=0.44.  Verliest partij:   	---       	Zwart=2      Fout:        	Wit=20     	Zwart=14     Onnauwkeurig:    	Wit=5      	Zwart=9      OK:         	Wit=14     	Zwart=12     Beste:        	Wit=2      	Zwart=3      Sterk:        	Wit=2      	---} 1-0

[Event "30th Tamil Nadu IM Norm 2024"]
[Site "Coimbatore"]
[Date "2024.10.01"]
[Round "3.2"]
[White "Nandish V S"]
[Black "Mohamed Anees M"]
[Result "0-1"]
[ECO "D31"]
[WhiteElo "2212"]
[BlackElo "2347"]
[Annotator "RC"]
[PlyCount "148"]
[EventDate "2024.09.15"]
[EventCountry "IND"]
[SourceTitle "playchess.com"]
[Source "ChessBase"]
[SourceQuality "1"]
[TimeControl "5400+30"]

1. c4 e6 2. Nc3 d5 3. d4 a6 4. cxd5 exd5 5. Bf4 Nf6 6. e3 Bd6 7. Bxd6 Qxd6 8. Bd3 O-O 9. h3 b6 10. Nf3 Nbd7 11. Qc2 Bb7 12. O-O Rfe8 13. Rfe1 Rac8 14. Qe2 b5 15. Qd1 Ne4 16. Ne2 Nb6 17. Rc1 f6 18. Nf4 g5 19. Nh5 Qe6 20. Nh2 Nd7 21. f3 Nd6 22. Ng3 Kh8 23. Qc2 c5 24. Bf5 Nxf5 25. Qxf5 c4 26. Qc2 Qf7 27. Qf5 Qe6 28. Qxe6 Rxe6 29. Nf5 Rce8 30. g4 Nb8 31. Nf1 Nc6 32. a3 h5 33. gxh5 Ne7 34. N1g3 Nxf5 35. Nxf5 Bc8 36. Kf2 Rb6 37. Ng3 Bxh3 38. e4 dxe4 39. fxe4 Rd6 40. Rcd1 Bg4 41. Rd2 Kh7 42. d5 Rdd8 43. a4 Kg8 44. axb5 axb5 45. Ke3 f5 46. Kd4 f4 47. Nh1 Bf3 48. Nf2 Kf7 49. Kc5 Kf6 50. Kxb5 g4 51. Kxc4 g3 52. Nd3 Bxe4 53. Nxf4 Ke5 54. Nd3+ Kd6 55. Nc5 Rc8 56. b4 g2 57. h6 Re5 58. h7 Bxh7 59. Ra1 Rg5 60. Ra6+ Ke5 61. Re2+ Kf4 62. Rf6+ Kg3 63. Re3+ Kg4 64. Re1 Bg8 65. Rd6 Rf8 66. Ne4 Rf1 67. Nxg5 Rxe1 68. Rg6 Kf5 69. Rxg8 g1=Q 70. Rf8+ Kg4 71. Ne6 Re4+ 72. Kb5 Qb1 73. d6 Qxb4+ 74. Kc6 Rxe6 0-1

[Event "30th Tamil Nadu IM Norm 2024"]
[Site "Coimbatore"]
[Date "2024.10.01"]
[Round "3.3"]
[White "Dhruva Thota"]
[Black "Podolchenko, Evgeniy"]
[Result "0-1"]
[ECO "B12"]
[WhiteElo "2342"]
[BlackElo "2338"]
[Annotator "RC"]
[PlyCount "68"]
[EventDate "2024.09.15"]
[EventCountry "IND"]
[SourceTitle "playchess.com"]
[Source "ChessBase"]
[SourceQuality "1"]
[TimeControl "5400+30"]

1. e4 c6 2. d4 d5 3. e5 Bf5 4. Nf3 e6 5. Be2 Nd7 6. O-O a6 7. c3 c5 8. Nbd2 h6 9. c4 dxc4 10. Nxc4 b5 11. Ne3 Be4 12. a4 Rb8 13. axb5 axb5 14. d5 Ne7 15. dxe6 fxe6 16. Nd2 Bc6 17. f4 g6 18. Nb3 Nd5 19. Bd3 Rg8 20. Na5 Ba8 21. Qc2 Kf7 22. f5 gxf5 23. Bxf5 exf5 24. e6+ Kg7 25. exd7 Qxd7 26. Nxf5+ Kh8 27. b3 Nb4 28. Qc3+ Kh7 29. Ne3 Bg7 30. Qxc5 Bd4 31. Rf7+ Qxf7 32. Qxd4 Rbf8 33. Qd2 Bxg2 34. Nf5 Ba8+ 0-1

[Event "30th Tamil Nadu IM Norm 2024"]
[Site "Coimbatore"]
[Date "2024.10.01"]
[Round "3.4"]
[White "Annageldyev, Orazly"]
[Black "Aakash G"]
[Result "1/2-1/2"]
[ECO "C01"]
[WhiteElo "2105"]
[BlackElo "2279"]
[Annotator "RC"]
[PlyCount "64"]
[EventDate "2024.09.15"]
[EventCountry "IND"]
[SourceTitle "playchess.com"]
[Source "ChessBase"]
[SourceQuality "1"]
[TimeControl "5400+30"]

1. e4 e6 2. d4 d5 3. Nc3 Nf6 4. exd5 exd5 5. Bd3 Be7 6. h3 O-O 7. Nf3 c5 8. dxc5 Bxc5 9. O-O Nc6 10. a3 Qd6 11. Na4 a6 12. Nxc5 Qxc5 13. b4 Qd6 14. Bb2 Rd8 15. Re1 b6 16. Nd4 Nxd4 17. Bxd4 Bb7 18. Qf3 Ne4 19. Qg4 Qh6 20. Be3 Qc6 21. f3 Nf6 22. Qh4 h6 23. Bd4 b5 24. Re7 Bc8 25. Bxf6 Qxf6 26. Qxf6 gxf6 27. Kf2 Bd7 28. Ree1 Kf8 29. Ke3 d4+ 30. Kd2 a5 31. Rab1 Bc6 32. a4 bxa4 1/2-1/2

[Event "30th Tamil Nadu IM Norm 2024"]
[Site "Coimbatore"]
[Date "2024.10.01"]
[Round "3.5"]
[White "Manik, Mikulas"]
[Black "Arnav Maheshwari"]
[Result "1/2-1/2"]
[ECO "B94"]
[WhiteElo "2316"]
[BlackElo "2293"]
[Annotator "RC"]
[PlyCount "60"]
[EventDate "2024.09.15"]
[EventCountry "IND"]
[SourceTitle "playchess.com"]
[Source "ChessBase"]
[SourceQuality "1"]
[TimeControl "5400+30"]

1. e4 c5 2. Nf3 d6 3. d4 cxd4 4. Nxd4 Nf6 5. Nc3 a6 6. Bg5 Nbd7 7. Bc4 Qb6 8. Bb3 e6 9. Bxf6 Nxf6 10. Qd2 Be7 11. O-O-O O-O 12. f4 Nd7 13. g4 Nc5 14. g5 Qc7 15. Kb1 b5 16. a3 Qb7 17. f5 Bd7 18. fxe6 Bxe6 19. Nf5 Bxb3 20. cxb3 Rfd8 21. Qd5 Bf8 22. Qxb7 Nxb7 23. b4 Re8 24. Rhf1 Rac8 25. Rf4 Re6 26. Nd5 Nd8 27. Rdf1 Rc4 28. h4 Kh8 29. Rc1 Rxc1+ 30. Kxc1 h6 1/2-1/2